 Dungeon Crawl Stone Soup version 0.31-a0-640-g39d97e502b (webtiles) character file.

Game seed: 11849535160519270020

94547 qw the Marksgargoyle (level 16, -17/106 HPs)
             Began as a Gargoyle Hunter on Aug 27, 2023.
             Was an Elder of Okawaru.
             Demolished by an orc knight
             ... wielding a +0 dire flail
              (21 damage)
             ... on level 2 of the Orcish Mines.
             The game lasted 00:11:18 (21435 turns).

qw the Marksgargoyle (Gargoyle Hunter)             Turns: 21435, Time: 00:11:19

Health: -17/106    AC: 31    Str: 16    XL:     16   Next: 11%
Magic:  23/23      EV: 27    Int: 11    God:    Okawaru [****..]
Gold:   1074       SH:  0    Dex: 25    Spells: 15/15 levels left

rFire   . . .        Y - +5 triple crossbow (flame)
rCold   + . .        (shield currently unavailable)
rNeg    + . .        r - +2 ring mail {rC+}
rPois   inf          x - +0 helmet {SInv}
rElec   +            i - +0 cloak
rCorr   .            m - +2 pair of gloves
SInv    +            l - +1 pair of boots
Will    +....        t - amulet of faith
Stlth   +++          b - +6 ring of dexterity
HPRegen 0.37/turn    d - +5 ring of evasion
MPRegen 0.18/turn

%: faith
@: heroic, flying
A: sickness immunity, AC +12, big wings, negative energy resistance 1,
electricity resistance, torment resistance 1, petrification resistance
a: Renounce Religion, Heroism, Finesse


You were on level 2 of the Orcish Mines.
You worshipped Okawaru.
Okawaru was greatly pleased with you.
You visited 4 branches of the dungeon, and saw 23 of its levels.
You also visited: Ossuary and Gauntlet.

You collected 2633 gold pieces.
You spent 1559 gold pieces at shops.


Innate Abilities, Weirdness & Mutations

You are immune to sickness and miasma.
Your stone body is resilient. (AC +12)
You are immune to poison.
Your large and strong wings let you fly.
You resist negative energy. (rN+)
You are resistant to electric shocks. (rElec)
You are resistant to unholy torment.
You are immune to petrification.


   Skills:
 - Level 14.0(19.0) Fighting
 + Level 20.0(25.0) Ranged Weapons
 - Level 9.1(14.1) Armour
 - Level 9.0(14.0) Dodging
 - Level 1.1(6.1) Stealth
 - Level 10.0 Invocations


You had 15 spell levels left.
You didn't know any spells.
Your spell library was empty.

Inventory:

Hand Weapons
 Y - a +5 triple crossbow of flaming (weapon)
Armour
 g - a +0 troll leather armour
 i - a +0 cloak (worn)
 l - a +1 pair of boots (worn)
 m - a +2 pair of gloves (worn)
 r - a +2 ring mail of cold resistance (worn)
 s - a +2 ring mail of fire resistance
 x - a +0 helmet of see invisible (worn)
Jewellery
 b - a +6 ring of dexterity (left hand)
 d - a +5 ring of evasion (right hand)
 e - a ring of fire
 t - an amulet of faith (around neck)
 v - an amulet of reflection
Scrolls
 p - 11 scrolls of identify
Potions
 c - 2 potions of cancellation
 f - 7 potions of enlightenment
 k - 3 potions of haste
 o - 3 potions of might
 q - 3 potions of magic
 u - 6 potions of curing

Dungeon Overview and Level Annotations

Branches:
Dungeon (15/15)            Temple (1/1) D:6            Lair (5/5) D:10
  Swamp (0/4) Lair:2       Spider (0/4) Lair:2        Slime (0/5) Lair:4
    Orc (2/2) D:12            Elf (0/3) Orc:2        Vaults (0/5) D:14
 Depths (0/4) D:15        Ossuary (visited)         Gauntlet (visited)

Altars:
Ashenzari
Cheibriados
Dithmenos
Elyvilon
Fedhas
Gozag
Hepliaklqana
Kikubaaqudgha
Makhleb
Nemelex Xobeh
Okawaru
Qazlal
Ru
Sif Muna
Trog
Uskayaw
Vehumet
Wu Jian
Xom
Yredelemnul
Zin
The Shining One

Shops:
D:11 [   D:15 ![(::*   Orc:2 *

Annotations:
D:7 2 transporters
D:11 2 transporters, limozeen581's ghost, journeyman DEHW


Message History

An orc priest comes into view. It is wielding a +0 hand axe.
Your base Fighting skill increases to level 14!
You shoot a bolt. The bolt closely misses the orc knight.
The bolt hits the orc knight!!!
The bolt burns the orc knight!
You kill the orc knight!
Okawaru accepts your kill.
The orc priest no longer looks unusually strong.
The orc high priest closely misses you. The orc knight completely misses you.
The hellwing misses you. The hellwing barely misses you.
The orc knight roars a battlecry!
The orc priest goes into a battle-frenzy!
The orc knight misses you. The orc high priest barely misses you.
You hear a shout! x2
You shoot a bolt. The bolt hits the orc knight!!!
The bolt burns the orc knight!!
You kill the orc knight!
Okawaru accepts your kill. The hellwing misses you. x2
The orc priest looks encouraged for a moment.
The orc knight jeers loudly.
The orc knight hits you with a +0 dire flail!
The orc high priest closely misses you.
21433 ||| DRINKING potion of heal wounds.
You feel much better. The hellwing barely misses you. The hellwing misses you.
The orc knight hits you with a +0 dire flail!
The orc high priest shouts, "You are a heretic and must be destroyed!"
The orc high priest hits you from afar with a +0 trident!
An orc warrior comes into view. It is wielding a +0 flail.
You shoot a bolt. The bolt hits the orc knight!
The bolt burns the orc knight.
The orc knight is moderately wounded.
The hellwing completely misses you. x2
The orc knight hits you with a +0 dire flail!
The orc high priest barely misses you.
You shoot a bolt. The bolt hits the orc knight!!
The bolt burns the orc knight!
The orc knight is almost dead.
The hellwing completely misses you.
The hellwing hits you but does no damage.
The orc knight hits you with a +0 dire flail!!
You die...

#. ....o #.##..
#.. #...# ###
#.....4. . ##.#
..#o..#.. ##...
..oo).. #....
##o#.## #.....
#.oo..# #.....
###o#.###
#.#...
##@))....## #
#...
#o4#...#..#
##.#
##.........##
##.
#...#..)#...#
##
#...........##
#
#....#...#....#
##
#.............#
#.
#....#...#....#
##
#.............#
#


You could see an orc knight (strong), an orc high priest (strong), a hellwing
(summoned) and an orc priest (strong).

Vanquished Creatures
  Rupert (D:15)
  A sphinx (D:14)
  Gastronok (Orc:1)
  A balrug (Gauntlet)
  Nessos (Lair:5)
  A minotaur (Gauntlet)
  Azrael (Orc:2)
  A fire dragon (D:14)
  2 vault guards (D:14)
  Harold (Lair:1)
  3 hydras
  An ogre mage (D:14)
  A catoblepas (Lair:5)
  Erica (D:11)
  5 centaur warriors
  Erolcha (Orc:1)
  6 boulder beetles
  4 death yaks (Lair:5)
  4 two-headed ogres
  An ironbound frostheart (D:14)
  4 tengu warriors
  A vampire mage (D:15)
  3 orc high priests
  A storm dragon zombie (D:15)
  Sonja (D:13)
  A skyshark (Lair:3)
  Lodul (D:13)
  A skeletal warrior (D:15)
  A flayed ghost (D:14)
  A glowing orange brain (Gauntlet)
  3 deep elf pyromancers
  A necromancer (D:15)
  5 orc knights
  A tengu skeleton (D:15)
  2 oklob plants (D:9)
  17 ugly things
  A manticore (D:7)
  A fire giant zombie (D:15)
  7 elephants
  3 cyclopes
  Joseph (D:7)
  2 black mambas
  2 gargoyles
  7 cane toads
  A rime drake (shapeshifter) (D:15)
  A yaktaur (D:14)
  A rime drake (Lair:3)
  10 komodo dragons
  An efreet (D:14)
  A guardian mummy (D:15)
  4 red devils (D:15)
  A spriggan skeleton (D:15)
  A tengu conjurer (D:14)
  13 trolls
  13 polar bears
  3 meliai (D:15)
  2 raiju (Lair:5)
  14 blink frogs
  A dream sheep (Lair:5)
  23 slime creatures
  2 centaur simulacra (D:14)
  2 shadows
  3 culicivoras (Lair:2)
  2 wraiths
  24 yaks
  2 vampires (D:11)
  A water elemental (D:15)
  A human (D:14)
  2 wyverns
  6 fire elementals
  A steam dragon (Lair:2)
  4 vampire mosquitoes
  A basilisk (Lair:5)
  13 water moccasins
  11 wargs
  An acid dragon (D:12)
  16 hell hounds
  5 ice beasts
  A floating eye (D:9)
  18 orc warriors
  2 sky beasts
  20 wolves
  12 black bears
  8 ogres
  12 centaurs
  A kobold brigand (D:9)
  6 gnoll sergeants
  14 bullfrogs
  2 scorpions
  13 wights
  11 killer bees
  5 howler monkeys
  An electric eel (Lair:3)
  A lava snake (D:11)
  A jelly (D:5)
  A gnoll bouda (D:8)
  A human zombie (Ossuary)
  23 orc priests
  5 hounds
  3 sleepcaps
  5 iguanas
  8 orc wizards
  9 hell rats
  2 mummies (Ossuary)
  30 gnolls
  4 adders
  A shadow imp (D:5)
  3 white imps
  A worm (D:2)
  3 dart slugs
  56 orcs
  10 endoplasms
  5 giant cockroaches
  3 gnoll zombies (Ossuary)
  3 goblins
  4 hobgoblins
  5 jackals
  20 kobolds
  6 quokkas
  7 ball pythons
  5 bats
  2 frilled lizards (D:1)
  A goblin zombie (Ossuary)
  5 hobgoblin zombies (Ossuary)
  4 orc zombies (Ossuary)
  7 rats
663 creatures vanquished.

Vanquished Creatures (others)
  A warg (Orc:2)
1 creature vanquished.

Grand Total: 664 creatures vanquished

Notes
Turn   | Place    | Note
-------+----------+-------------------------------------------
     0 | D:1      | qw the Gargoyle Hunter began the quest for the Orb.
     0 | D:1      | Reached XP level 1. HP: 12/12 MP: 1/1
     0 | D:1      | 0 ||| qw: Version: 0.3-a-74-g0d5e918
     0 | D:1      | 0 ||| qw: Game counter: 57
     0 | D:1      | 0 ||| qw: Melee chars always use a shield: true
     0 | D:1      | 0 ||| qw: God list: Okawaru
     0 | D:1      | 0 ||| qw: Allow faded altars: false
     0 | D:1      | 0 ||| qw: Do Orc after clearing Dungeon:15 true
     0 | D:1      | 0 ||| qw: Do second Lair branch before Depths: true
     0 | D:1      | 0 ||| qw: Lair rune preference: random
     0 | D:1      | 0 ||| qw: Goals: Normal
     0 | D:1      | 0 ||| PLANNING D:1-11
   117 | D:1      | Reached XP level 2. HP: 17/17 MP: 2/2
   293 | D:1      | Reached XP level 3. HP: 18/21 MP: 3/3
   432 | D:1      | Reached skill level 5 in Ranged Weapons
   604 | D:1      | 604 ||| UPGRADING to +0 cloak.
   609 | D:1      | 609 ||| READING 3 scrolls labelled DOINEO VUEQEFI.
   610 | D:1      | 610 ||| READING scroll labelled IPHAIZ XUWYRGHE.
   611 | D:1      | 611 ||| DROPPING 2 scrolls of fog.
   612 | D:1      | 612 ||| DROPPING scroll of butterflies.
   759 | D:2      | Reached skill level 3 in Fighting
   878 | D:2      | Reached XP level 4. HP: 28/28 MP: 4/4
  1490 | D:2      | 1490 ||| UPGRADING to +0 ring mail.
  1500 | D:2      | 1500 ||| DROPPING +0 leather armour.
  1501 | D:2      | 1501 ||| UPGRADING to +6 ring of dexterity.
  1502 | D:2      | 1502 ||| READING scroll labelled ZOOGUL OJOKECK.
  1503 | D:2      | 1503 ||| READING scroll labelled BUHENE XUNITE.
  1504 | D:2      | 1504 ||| READING scroll labelled BOYTASAXOOSK.
  1516 | D:3      | 1516 ||| PLANNING SEWER
  1847 | D:3      | Reached skill level 1 in Armour
  1993 | D:3      | 1993 ||| SWAPPING to +0 orcbow.
  1996 | D:3      | 1996 ||| Stepping ~*~*~tactically~*~*~ (retreating).
  1998 | D:3      | 1998 ||| Stepping ~*~*~tactically~*~*~ (retreating).
  2002 | D:3      | 2002 ||| Stepping ~*~*~tactically~*~*~ (retreating).
  2007 | D:3      | Reached XP level 5. HP: 27/32 MP: 5/5
  2046 | D:3      | 2046 ||| DROPPING +0 shortbow.
  2144 | D:3      | Reached skill level 6 in Ranged Weapons
  2249 | D:3      | 2249 ||| RIP SEWER
  2267 | D:3      | 2267 ||| PLANNING D:1-11
  2639 | D:3      | 2639 ||| UPGRADING to +0 pair of gloves.
  2644 | D:3      | 2644 ||| READING scroll labelled BUOTYZEBLO.
  2745 | D:3      | 2745 ||| READING 2 scrolls labelled QYBBIU FAOCIP.
  2746 | D:3      | 2746 ||| READING scroll labelled ATYALU YDEI.
  2750 | D:3      | 2750 ||| DRINKING 2 bubbling clear potions.
  2751 | D:3      | 2751 ||| DRINKING 2 grey potions.
  2752 | D:3      | 2752 ||| DROPPING scroll of summoning.
  3285 | D:4      | Reached XP level 6. HP: 38/38 MP: 6/6
  3859 | D:4      | 3859 ||| READING 2 scrolls labelled MIPLIC TYUGID.
  3860 | D:4      | 3860 ||| READING scroll of brand weapon.
  3860 | D:4      | 3860 ||| BRANDING +0 orcbow of freezing.
  3861 | D:4      | 3861 ||| DRINKING 2 red potions.
  3862 | D:4      | 3862 ||| DRINKING 3 amethyst potions.
  3863 | D:4      | 3863 ||| DROPPING potion of brilliance.
  3884 | D:5      | Entered Level 5 of the Dungeon
  4396 | D:5      | Found a stormy altar of Qazlal.
  4400 | D:5      | Noticed a fire elemental
  4400 | D:5      | Noticed a water elemental
  4400 | D:5      | Noticed an air elemental
  4576 | D:5      | 4576 ||| READING 4 scrolls labelled SYRIZX ZESOU.
  4577 | D:5      | 4577 ||| READING 3 scrolls of enchant weapon.
  4577 | D:5      | 4577 ||| ENCHANTING +1 orcbow of chaos.
  4578 | D:5      | 4578 ||| READING 2 scrolls of enchant weapon.
  4578 | D:5      | 4578 ||| ENCHANTING +2 orcbow of chaos.
  4579 | D:5      | 4579 ||| READING scroll of enchant weapon.
  4579 | D:5      | 4579 ||| ENCHANTING +3 orcbow of chaos.
  4580 | D:5      | 4580 ||| READING 3 scrolls of identify.
  4580 | D:5      | 4580 ||| IDENTIFYING murky black potion
  4581 | D:5      | 4581 ||| READING 2 scrolls of identify.
  4581 | D:5      | 4581 ||| IDENTIFYING fizzy cyan potion
  4582 | D:5      | 4582 ||| DROPPING potion of invisibility.
  4602 | D:6      | Noticed a sky beast
  4608 | D:6      | Killed a sky beast
  4609 | D:6      | Reached skill level 7 in Ranged Weapons
  4609 | D:6      | Reached XP level 7. HP: 41/43 MP: 7/7
  4795 | D:6      | 4795 ||| Stepping ~*~*~tactically~*~*~ (outnumbered).
  4797 | D:6      | 4797 ||| Stepping ~*~*~tactically~*~*~ (outnumbered).
  4851 | D:6      | Found a staircase to the Ecumenical Temple.
  4852 | D:6      | 4852 ||| PLANNING TEMPLE
  4852 | D:6      | 4852 ||| UPGRADING to +5 ring of evasion.
  4853 | D:6      | 4853 ||| READING scroll labelled JOTHAECATZE.
  4862 | Temple   | Entered the Ecumenical Temple
  4863 | Temple   | 4863 ||| PLANNING OKAWARU WORSHIP
  4873 | Temple   | Became a worshipper of Warmaster Okawaru
  4874 | Temple   | 4874 ||| PLANNING D:1-11
  5029 | D:6      | Reached skill level 8 in Ranged Weapons
  5085 | D:6      | Reached XP level 8. HP: 45/48 MP: 8/8
  5132 | D:6      | Found a shadowy altar of Dithmenos.
  5132 | D:6      | Found a hide-covered altar of Uskayaw.
  5140 | D:6      | Found a shimmering blue altar of Sif Muna.
  5142 | D:6      | Found a broken altar of Ashenzari.
  5144 | D:6      | Found an opulent altar of Gozag.
  5333 | D:6      | 5333 ||| DROPPING ring of magical power.
  5334 | D:6      | 5334 ||| READING scroll labelled FOORIF MON TICSYTZ.
  5335 | D:6      | 5335 ||| READING scroll labelled OTAOPE OMADOBU.
  5355 | D:7      | 5355 ||| PLANNING OSSUARY
  5385 | D:7      | Reached * piety under Okawaru
  5393 | D:7      | Reached skill level 1 in Invocations
  5433 | D:7      | Reached skill level 9 in Ranged Weapons
  5448 | D:7      | Found a transporter.
  5471 | D:7      | Noticed Joseph
  5476 | D:7      | Killed Joseph
  5477 | D:7      | Reached skill level 6 in Fighting
  5477 | D:7      | Reached XP level 9. HP: 51/56 MP: 9/12
  5534 | D:7      | Found a transporter.
  5552 | D:7      | Noticed a manticore
  5553 | D:7      | 5553 ||| INVOKING Heroism.
  5560 | D:7      | Killed a manticore
  5560 | D:7      | Reached ** piety under Okawaru
  5795 | D:7      | Found a sacrificial altar of Ru.
  5847 | D:7      | 5847 ||| FLEEEEING.
  5851 | D:7      | 5851 ||| FLEEEEING.
  5852 | D:7      | 5852 ||| FLEEEEING.
  5853 | D:7      | 5853 ||| FLEEEEING.
  5854 | D:7      | 5854 ||| FLEEEEING.
  5921 | D:7      | Found a sand-covered staircase.
  5922 | D:7      | 5922 ||| UPGRADING to +1 pair of boots.
  5927 | D:7      | 5927 ||| READING scroll labelled JUESAA TESU.
  5933 | Ossuary  | Entered an ossuary
  5955 | Ossuary  | Reached skill level 3 in Armour
  6046 | D:7      | 6046 ||| PLANNING D:1-11
  6098 | D:7      | 6098 ||| FLEEEEING.
  6203 | D:7      | Noticed an ancient zyme
  6322 | D:8      | 6322 ||| INVOKING Heroism.
  6331 | D:8      | Reached skill level 10 in Ranged Weapons
  6844 | D:8      | 6844 ||| Stepping ~*~*~tactically~*~*~ (retreating).
  6847 | D:8      | 6847 ||| Stepping ~*~*~tactically~*~*~ (retreating).
  6849 | D:8      | 6849 ||| Stepping ~*~*~tactically~*~*~ (retreating).
  6850 | D:8      | 6850 ||| RETREATING.
  6859 | D:8      | 6859 ||| Stepping ~*~*~tactically~*~*~ (retreating).
  6860 | D:8      | 6860 ||| Stepping ~*~*~tactically~*~*~ (retreating).
  6861 | D:8      | 6861 ||| Stepping ~*~*~tactically~*~*~ (retreating).
  6862 | D:8      | 6862 ||| Stepping ~*~*~tactically~*~*~ (retreating).
  6863 | D:8      | 6863 ||| Stepping ~*~*~tactically~*~*~ (retreating).
  6864 | D:8      | 6864 ||| Stepping ~*~*~tactically~*~*~ (retreating).
  6865 | D:8      | 6865 ||| Stepping ~*~*~tactically~*~*~ (retreating).
  6866 | D:8      | 6866 ||| Stepping ~*~*~tactically~*~*~ (retreating).
  6867 | D:8      | 6867 ||| Stepping ~*~*~tactically~*~*~ (retreating).
  6868 | D:8      | 6868 ||| Stepping ~*~*~tactically~*~*~ (retreating).
  6870 | D:8      | 6870 ||| Stepping ~*~*~tactically~*~*~ (retreating).
  6871 | D:8      | 6871 ||| Stepping ~*~*~tactically~*~*~ (retreating).
  6872 | D:8      | 6872 ||| Stepping ~*~*~tactically~*~*~ (retreating).
  6944 | D:8      | 6944 ||| INVOKING Heroism.
  7065 | D:8      | 7065 ||| INVOKING Heroism.
  7107 | D:8      | 7107 ||| RETREATING.
  7109 | D:8      | 7109 ||| Stepping ~*~*~tactically~*~*~ (outnumbered).
  7114 | D:8      | Reached skill level 11 in Ranged Weapons
  7114 | D:8      | Reached XP level 10. HP: 63/63 MP: 13/13
  7144 | D:8      | You fall into a shaft and drop 3 floors!
  7173 | D:11     | 7173 ||| DROPPING amulet of magic regeneration.
  7174 | D:11     | 7174 ||| UPGRADING to amulet of faith.
  7179 | D:11     | 7179 ||| READING scroll labelled VAOJUI PERA.
  7180 | D:11     | 7180 ||| DRINKING 2 purple potions.
  7181 | D:11     | 7181 ||| READING 2 scrolls of identify.
  7181 | D:11     | 7181 ||| IDENTIFYING pink potion
  7182 | D:11     | 7182 ||| DROPPING potion of ambrosia.
  7188 | D:10     | Entered Level 10 of the Dungeon
  7287 | D:10     | Reached *** piety under Okawaru
  7359 | D:10     | 7359 ||| RETREATING.
  7367 | D:10     | 7367 ||| Stepping ~*~*~tactically~*~*~ (retreating).
  7368 | D:10     | 7368 ||| Stepping ~*~*~tactically~*~*~ (retreating).
  7369 | D:10     | 7369 ||| Stepping ~*~*~tactically~*~*~ (retreating).
  7370 | D:10     | 7370 ||| Stepping ~*~*~tactically~*~*~ (retreating).
  7371 | D:10     | 7371 ||| Stepping ~*~*~tactically~*~*~ (retreating).
  7372 | D:10     | 7372 ||| Stepping ~*~*~tactically~*~*~ (retreating).
  7373 | D:10     | 7373 ||| Stepping ~*~*~tactically~*~*~ (retreating).
  7374 | D:10     | 7374 ||| Stepping ~*~*~tactically~*~*~ (retreating).
  7375 | D:10     | 7375 ||| Stepping ~*~*~tactically~*~*~ (retreating).
  7376 | D:10     | 7376 ||| Stepping ~*~*~tactically~*~*~ (retreating).
  7377 | D:10     | 7377 ||| Stepping ~*~*~tactically~*~*~ (retreating).
  7379 | D:10     | 7379 ||| INVOKING Heroism.
  7380 | D:10     | 7380 ||| Stepping ~*~*~tactically~*~*~ (retreating).
  7381 | D:10     | 7381 ||| Stepping ~*~*~tactically~*~*~ (retreating).
  7383 | D:10     | 7383 ||| Stepping ~*~*~tactically~*~*~ (retreating).
  7384 | D:10     | 7384 ||| Stepping ~*~*~tactically~*~*~ (retreating).
  7385 | D:10     | 7385 ||| Stepping ~*~*~tactically~*~*~ (retreating).
  7386 | D:10     | 7386 ||| Stepping ~*~*~tactically~*~*~ (retreating).
  7387 | D:10     | 7387 ||| Stepping ~*~*~tactically~*~*~ (retreating).
  7388 | D:10     | 7388 ||| Stepping ~*~*~tactically~*~*~ (retreating).
  7389 | D:10     | 7389 ||| Stepping ~*~*~tactically~*~*~ (retreating).
  7390 | D:10     | 7390 ||| Stepping ~*~*~tactically~*~*~ (retreating).
  7392 | D:10     | 7392 ||| RETREATING.
  7687 | D:10     | 7687 ||| Stepping ~*~*~tactically~*~*~ (retreating).
  7688 | D:10     | 7688 ||| Stepping ~*~*~tactically~*~*~ (retreating).
  7689 | D:10     | 7689 ||| Stepping ~*~*~tactically~*~*~ (retreating).
  7753 | D:10     | 7753 ||| RETREATING.
  7758 | D:10     | 7758 ||| Stepping ~*~*~tactically~*~*~ (retreating).
  7759 | D:10     | 7759 ||| Stepping ~*~*~tactically~*~*~ (retreating).
  7760 | D:10     | 7760 ||| Stepping ~*~*~tactically~*~*~ (retreating).
  7761 | D:10     | 7761 ||| Stepping ~*~*~tactically~*~*~ (retreating).
  7762 | D:10     | 7762 ||| Stepping ~*~*~tactically~*~*~ (retreating).
  7763 | D:10     | 7763 ||| Stepping ~*~*~tactically~*~*~ (retreating).
  7764 | D:10     | Reached **** piety under Okawaru
  7773 | D:10     | 7773 ||| INVOKING Heroism.
  7935 | D:10     | Found a staircase to the Lair.
  7950 | D:10     | 7950 ||| UPGRADING to +0 troll leather armour.
  7960 | D:10     | 7960 ||| DROPPING +0 ring mail.
  7961 | D:10     | 7961 ||| DRINKING 3 smoky emerald potions.
  7993 | D:10     | 7993 ||| READING 2 scrolls of identify.
  7993 | D:10     | 7993 ||| IDENTIFYING dark potion
  7994 | D:10     | 7994 ||| DROPPING potion of degeneration.
  7995 | D:10     | 7995 ||| DROPPING 2 potions of lignification.
  8125 | D:8      | 8125 ||| Stepping ~*~*~tactically~*~*~ (outnumbered).
  8127 | D:8      | 8127 ||| Stepping ~*~*~tactically~*~*~ (outnumbered).
  8130 | D:8      | 8130 ||| INVOKING Heroism.
  8131 | D:8      | 8131 ||| Stepping ~*~*~tactically~*~*~ (outnumbered).
  8135 | D:8      | Reached skill level 12 in Ranged Weapons
  8135 | D:8      | 8135 ||| Stepping ~*~*~tactically~*~*~ (outnumbered).
  8192 | D:8      | 8192 ||| PLANNING LAIR
  8275 | Lair:1   | Entered Level 1 of the Lair of Beasts
  8365 | Lair:1   | 8365 ||| INVOKING Heroism.
  8381 | Lair:1   | Found a hide-covered altar of Uskayaw.
  8381 | Lair:1   | Found an ornate altar of the Wu Jian Council.
  8381 | Lair:1   | Noticed a boulder beetle
  8391 | Lair:1   | 8391 ||| INVOKING Heroism.
  8391 | Lair:1   | HP: 5/64 [boulder beetle (15)]
  8392 | Lair:1   | 8392 ||| DRINKING 2 potions of heal wounds.
  8397 | Lair:1   | Killed a boulder beetle
  8468 | Lair:1   | 8468 ||| INVOKING Heroism.
  8480 | Lair:1   | Reached XP level 11. HP: 68/68 MP: 12/14
  8497 | Lair:1   | 8497 ||| INVOKING Heroism.
  8505 | Lair:1   | Reached skill level 6 in Invocations
  8508 | Lair:1   | Reached ***** piety under Okawaru
  8791 | Lair:1   | Identified the ring "Uzaeff" {rElec rN+ SInv}
  8882 | Lair:1   | Noticed Harold
  8883 | Lair:1   | 8883 ||| INVOKING Heroism.
  8886 | Lair:1   | 8886 ||| RETREATING.
  8890 | Lair:1   | 8890 ||| Stepping ~*~*~tactically~*~*~ (retreating).
  8891 | Lair:1   | 8891 ||| Stepping ~*~*~tactically~*~*~ (retreating).
  8892 | Lair:1   | 8892 ||| Stepping ~*~*~tactically~*~*~ (retreating).
  8893 | Lair:1   | 8893 ||| Stepping ~*~*~tactically~*~*~ (retreating).
  8894 | Lair:1   | 8894 ||| Stepping ~*~*~tactically~*~*~ (retreating).
  8906 | Lair:1   | Killed Harold
  9334 | Lair:1   | 9334 ||| DROPPING ring "Uzaeff" {rElec rN+ SInv}.
  9335 | Lair:1   | 9335 ||| READING 2 scrolls of identify.
  9335 | Lair:1   | 9335 ||| IDENTIFYING bubbling silvery potion
  9347 | Lair:2   | Found a staircase to the Swamp.
  9348 | Lair:2   | 9348 ||| Stepping ~*~*~tactically~*~*~ (retreating).
  9349 | Lair:2   | 9349 ||| Stepping ~*~*~tactically~*~*~ (retreating).
  9350 | Lair:2   | 9350 ||| Stepping ~*~*~tactically~*~*~ (retreating).
  9351 | Lair:2   | 9351 ||| Stepping ~*~*~tactically~*~*~ (retreating).
  9352 | Lair:2   | 9352 ||| INVOKING Heroism.
  9426 | Lair:2   | 9426 ||| INVOKING Heroism.
  9428 | Lair:2   | 9428 ||| RETREATING.
  9444 | Lair:2   | 9444 ||| Stepping ~*~*~tactically~*~*~ (retreating).
  9446 | Lair:2   | Reached skill level 13 in Ranged Weapons
  9450 | Lair:2   | 9450 ||| Stepping ~*~*~tactically~*~*~ (retreating).
  9452 | Lair:2   | 9452 ||| RETREATING.
  9468 | Lair:2   | 9468 ||| INVOKING Heroism.
  9474 | Lair:2   | Identified the +1 plate armour of the Blue Moon {Int+3}
                  | (Okawaru gifted it to you on level 2 of the Lair of Beasts)
  9474 | Lair:2   | Received a gift from Okawaru
  9509 | Lair:2   | 9509 ||| Stepping ~*~*~tactically~*~*~ (retreating).
  9510 | Lair:2   | 9510 ||| Stepping ~*~*~tactically~*~*~ (retreating).
  9513 | Lair:2   | 9513 ||| Stepping ~*~*~tactically~*~*~ (retreating).
  9514 | Lair:2   | 9514 ||| Stepping ~*~*~tactically~*~*~ (retreating).
  9515 | Lair:2   | 9515 ||| Stepping ~*~*~tactically~*~*~ (retreating).
  9516 | Lair:2   | 9516 ||| Stepping ~*~*~tactically~*~*~ (retreating).
  9517 | Lair:2   | 9517 ||| Stepping ~*~*~tactically~*~*~ (retreating).
  9518 | Lair:2   | 9518 ||| Stepping ~*~*~tactically~*~*~ (retreating).
  9519 | Lair:2   | 9519 ||| Stepping ~*~*~tactically~*~*~ (retreating).
  9520 | Lair:2   | 9520 ||| Stepping ~*~*~tactically~*~*~ (retreating).
  9521 | Lair:2   | 9521 ||| Stepping ~*~*~tactically~*~*~ (retreating).
  9522 | Lair:2   | 9522 ||| Stepping ~*~*~tactically~*~*~ (retreating).
  9591 | Lair:2   | 9591 ||| RETREATING.
  9623 | Lair:2   | 9623 ||| INVOKING Heroism.
  9626 | Lair:2   | Reached skill level 9 in Fighting
  9792 | Lair:2   | Found a hole to the Spider Nest.
  9798 | Lair:2   | 9798 ||| INVOKING Heroism.
  9919 | Lair:2   | 9919 ||| INVOKING Heroism.
  9925 | Lair:2   | 9925 ||| Stepping ~*~*~tactically~*~*~ (retreating).
  9953 | Lair:2   | Reached skill level 9 in Invocations
  9967 | Lair:2   | 9967 ||| RETREATING.
  9978 | Lair:2   | 9978 ||| Stepping ~*~*~tactically~*~*~ (retreating).
  9980 | Lair:2   | 9980 ||| Stepping ~*~*~tactically~*~*~ (retreating).
  9981 | Lair:2   | 9981 ||| Stepping ~*~*~tactically~*~*~ (retreating).
  9982 | Lair:2   | 9982 ||| Stepping ~*~*~tactically~*~*~ (retreating).
  9983 | Lair:2   | 9983 ||| Stepping ~*~*~tactically~*~*~ (retreating).
  9984 | Lair:2   | 9984 ||| Stepping ~*~*~tactically~*~*~ (retreating).
  9985 | Lair:2   | 9985 ||| Stepping ~*~*~tactically~*~*~ (retreating).
  9986 | Lair:2   | 9986 ||| Stepping ~*~*~tactically~*~*~ (retreating).
  9987 | Lair:2   | 9987 ||| Stepping ~*~*~tactically~*~*~ (retreating).
  9988 | Lair:2   | 9988 ||| Stepping ~*~*~tactically~*~*~ (retreating).
  9989 | Lair:2   | 9989 ||| Stepping ~*~*~tactically~*~*~ (retreating).
  9990 | Lair:2   | 9990 ||| Stepping ~*~*~tactically~*~*~ (retreating).
  9991 | Lair:2   | 9991 ||| Stepping ~*~*~tactically~*~*~ (retreating).
 10000 | Lair:2   | Reached XP level 12. HP: 74/76 MP: 18/18
 10137 | Lair:2   | 10137 ||| INVOKING Heroism.
 10155 | Lair:2   | 10155 ||| RETREATING.
 10349 | Lair:2   | 10349 ||| RETREATING.
 10359 | Lair:2   | 10359 ||| Stepping ~*~*~tactically~*~*~ (retreating).
 10360 | Lair:2   | 10360 ||| Stepping ~*~*~tactically~*~*~ (retreating).
 10361 | Lair:2   | 10361 ||| Stepping ~*~*~tactically~*~*~ (retreating).
 10362 | Lair:2   | 10362 ||| Stepping ~*~*~tactically~*~*~ (retreating).
 10363 | Lair:2   | 10363 ||| Stepping ~*~*~tactically~*~*~ (retreating).
 10364 | Lair:2   | 10364 ||| Stepping ~*~*~tactically~*~*~ (retreating).
 10369 | Lair:2   | 10369 ||| Stepping ~*~*~tactically~*~*~ (retreating).
 10370 | Lair:2   | 10370 ||| Stepping ~*~*~tactically~*~*~ (retreating).
 10371 | Lair:2   | 10371 ||| Stepping ~*~*~tactically~*~*~ (retreating).
 10372 | Lair:2   | 10372 ||| Stepping ~*~*~tactically~*~*~ (retreating).
 10388 | Lair:2   | 10388 ||| INVOKING Heroism.
 10614 | Lair:2   | 10614 ||| UPGRADING to +1 hat.
 10638 | Lair:3   | Received a gift from Okawaru
 10654 | Lair:3   | 10654 ||| SWAPPING to +1 heavy orcbow.
 10655 | Lair:3   | 10655 ||| DROPPING +4 orcbow of chaos.
 10692 | Lair:3   | Reached skill level 14 in Ranged Weapons
 10806 | Lair:3   | 10806 ||| INVOKING Heroism.
 10987 | Lair:3   | Noticed a skyshark
 10990 | Lair:3   | Noticed a seven-headed hydra
 10991 | Lair:3   | 10991 ||| RETREATING.
 10992 | Lair:3   | 10992 ||| Stepping ~*~*~tactically~*~*~ (retreating).
 10995 | Lair:3   | Killed a skyshark
 11007 | Lair:3   | 11007 ||| INVOKING Heroism.
 11013 | Lair:3   | 11013 ||| Stepping ~*~*~tactically~*~*~ (retreating).
 11014 | Lair:3   | 11014 ||| Stepping ~*~*~tactically~*~*~ (retreating).
 11015 | Lair:3   | 11015 ||| Stepping ~*~*~tactically~*~*~ (retreating).
 11017 | Lair:3   | 11017 ||| Stepping ~*~*~tactically~*~*~ (retreating).
 11019 | Lair:3   | 11019 ||| Stepping ~*~*~tactically~*~*~ (retreating).
 11020 | Lair:3   | 11020 ||| Stepping ~*~*~tactically~*~*~ (retreating).
 11021 | Lair:3   | Killed a seven-headed hydra
 11022 | Lair:3   | Reached skill level 6 in Dodging
 11108 | Lair:3   | 11108 ||| INVOKING Heroism.
 11116 | Lair:3   | HP: 9/77 [komodo dragon (15)]
 11117 | Lair:3   | 11117 ||| READING 3 scrolls of teleportation.
 11118 | Lair:3   | 11118 ||| DRINKING potion of heal wounds.
 11182 | Lair:3   | Received a gift from Okawaru
 11383 | Lair:3   | 11383 ||| DRINKING 2 lumpy golden potions.
 11391 | Lair:4   | 11391 ||| Stepping ~*~*~tactically~*~*~ (retreating).
 11392 | Lair:4   | 11392 ||| INVOKING Heroism.
 11468 | Lair:4   | 11468 ||| INVOKING Heroism.
 11545 | Lair:4   | 11545 ||| INVOKING Heroism.
 11740 | Lair:4   | Reached skill level 15 in Ranged Weapons
 11784 | Lair:4   | 11784 ||| INVOKING Heroism.
 11800 | Lair:4   | Found a staircase to the Slime Pits.
 12143 | Lair:5   | Entered Level 5 of the Lair of Beasts
 12149 | Lair:5   | Noticed a catoblepas
 12150 | Lair:5   | 12150 ||| INVOKING Heroism.
 12151 | Lair:5   | 12151 ||| INVOKING Finesse.
 12163 | Lair:5   | Killed a catoblepas
 12347 | Lair:5   | 12347 ||| INVOKING Heroism.
 12463 | Lair:5   | Reached XP level 13. HP: 82/82 MP: 20/20
 12500 | Lair:5   | 12500 ||| INVOKING Heroism.
 12502 | Lair:5   | 12502 ||| INVOKING Finesse.
 12504 | Lair:5   | Noticed Nessos
 12510 | Lair:5   | Killed Nessos
 12526 | Lair:5   | Reached skill level 16 in Ranged Weapons
 12532 | Lair:5   | 12532 ||| RETREATING.
 12542 | Lair:5   | 12542 ||| INVOKING Finesse.
 12558 | Lair:5   | Identified the +0 robe "Gybot" {rN+ Int+3} (Okawaru gifted
                  | it to you on level 5 of the Lair of Beasts)
 12558 | Lair:5   | Received a gift from Okawaru
 12613 | Lair:5   | 12613 ||| SWAPPING to +3 longbow of flaming.
 12614 | Lair:5   | 12614 ||| DROPPING +1 heavy orcbow.
 12615 | Lair:5   | 12615 ||| READING scroll of brand weapon.
 12615 | Lair:5   | 12615 ||| BRANDING +3 longbow of flaming.
 12670 | Lair:5   | 12670 ||| INVOKING Heroism.
 12724 | Lair:5   | 12724 ||| RETREATING.
 12727 | Lair:5   | 12727 ||| Stepping ~*~*~tactically~*~*~ (retreating).
 12995 | Lair:5   | 12995 ||| INVOKING Heroism.
 12997 | Lair:5   | 12997 ||| Stepping ~*~*~tactically~*~*~ (retreating).
 13018 | Lair:5   | 13018 ||| RETREATING.
 13025 | Lair:5   | 13025 ||| Stepping ~*~*~tactically~*~*~ (retreating).
 13054 | Lair:5   | 13054 ||| Stepping ~*~*~tactically~*~*~ (retreating).
 13058 | Lair:5   | 13058 ||| INVOKING Heroism.
 13103 | Lair:5   | 13103 ||| INVOKING Heroism.
 13140 | Lair:5   | 13140 ||| Stepping ~*~*~tactically~*~*~ (retreating).
 13141 | Lair:5   | 13141 ||| Stepping ~*~*~tactically~*~*~ (retreating).
 13151 | Lair:5   | Reached skill level 17 in Ranged Weapons
 13160 | Lair:5   | Received a gift from Okawaru
 13421 | Lair:5   | 13421 ||| PLANNING D:1-11
 13421 | Lair:5   | 13421 ||| DROPPING +0 robe "Gybot" {rN+ Int+3}.
 13527 | D:9      | 13527 ||| INVOKING Heroism.
 13660 | D:9      | 13660 ||| FLEEEEING.
 13662 | D:9      | 13662 ||| FLEEEEING.
 13663 | D:9      | 13663 ||| FLEEEEING.
 13664 | D:9      | 13664 ||| STAIRDANCE
 13695 | D:9      | 13695 ||| STAIRDANCE
 13708 | D:9      | 13708 ||| INVOKING Heroism.
 13709 | D:9      | 13709 ||| INVOKING Finesse.
 13769 | D:9      | 13769 ||| INVOKING Heroism.
 13770 | D:9      | 13770 ||| INVOKING Finesse.
 13815 | D:9      | 13815 ||| INVOKING Heroism.
 13831 | D:9      | Gained mutation: Your large and strong wings let you fly.
                  | [Gargoyle growth]
 13831 | D:9      | Reached XP level 14. HP: 69/90 MP: 21/21
 14019 | D:9      | Found a glowing silver altar of Zin.
 14206 | D:9      | 14206 ||| READING scroll of brand weapon.
 14206 | D:9      | 14206 ||| BRANDING +3 longbow of freezing.
 15269 | D:10     | 15269 ||| READING 4 scrolls of identify.
 15269 | D:10     | 15269 ||| IDENTIFYING blue potion
 15270 | D:10     | 15270 ||| DROPPING potion of attraction.
 15316 | D:11     | Found a transporter.
 15322 | D:11     | Found a bloodstained altar of Trog.
 15323 | D:11     | Found a transporter.
 15356 | D:11     | Noticed limozeen581's ghost (journeyman DEHW)
 15363 | D:11     | Reached skill level 18 in Ranged Weapons
 15525 | D:11     | 15525 ||| Stepping ~*~*~tactically~*~*~ (outnumbered).
 15526 | D:11     | 15526 ||| Stepping ~*~*~tactically~*~*~ (outnumbered).
 15718 | D:11     | Found Masot's Armour Emporium.
 15756 | D:11     | Noticed Erica
 15757 | D:11     | 15757 ||| INVOKING Heroism.
 15758 | D:11     | 15758 ||| INVOKING Finesse.
 15761 | D:11     | Killed Erica
 15825 | D:11     | 15825 ||| FLEEEEING.
 15826 | D:11     | 15826 ||| FLEEEEING.
 15827 | D:11     | 15827 ||| FLEEEEING.
 15832 | D:11     | 15832 ||| FLEEEEING.
 15833 | D:11     | 15833 ||| FLEEEEING.
 15834 | D:11     | 15834 ||| FLEEEEING.
 15835 | D:11     | 15835 ||| STAIRDANCE
 15872 | D:11     | 15872 ||| STAIRDANCE
 16073 | D:11     | 16073 ||| PLANNING D
 16232 | D:12     | 16232 ||| READING scroll of enchant armour.
 16232 | D:12     | 16232 ||| ENCHANTING +0 pair of gloves.
 16275 | D:12     | Reached skill level 12 in Fighting
 16282 | D:12     | 16282 ||| INVOKING Heroism.
 16360 | D:12     | Received a gift from Okawaru
 16410 | D:12     | 16410 ||| READING scroll of enchant armour.
 16410 | D:12     | 16410 ||| ENCHANTING +1 pair of gloves.
 16491 | D:12     | Found a staircase to the Orcish Mines.
 16528 | D:12     | 16528 ||| Stepping ~*~*~tactically~*~*~ (outnumbered).
 16529 | D:12     | 16529 ||| Stepping ~*~*~tactically~*~*~ (outnumbered).
 16753 | D:12     | 16753 ||| DROPPING +1 pair of boots.
 16762 | D:13     | Noticed Sonja
 16763 | D:13     | 16763 ||| PLANNING GAUNTLET
 16763 | D:13     | 16763 ||| INVOKING Finesse.
 16765 | D:13     | Killed Sonja
 16836 | D:13     | 16836 ||| INVOKING Heroism.
 16837 | D:13     | 16837 ||| INVOKING Finesse.
 17120 | D:13     | 17120 ||| RETREATING.
 17122 | D:13     | 17122 ||| RETREATING.
 17132 | D:13     | 17132 ||| INVOKING Heroism.
 17137 | D:13     | 17137 ||| READING 5 scrolls of teleportation.
 17206 | D:13     | Found a gate leading to a gauntlet.
 17207 | D:13     | 17207 ||| DROPPING scarf of shadows.
 17208 | D:13     | 17208 ||| READING 6 scrolls of identify.
 17208 | D:13     | 17208 ||| IDENTIFYING bubbling yellow potion
 17209 | D:13     | 17209 ||| DROPPING potion of berserk rage.
 17216 | Gauntlet | Entered a Gauntlet
 17216 | Gauntlet | Found a transporter.
 17225 | Gauntlet | Found a transporter.
 17235 | Gauntlet | Noticed a balrug
 17246 | Gauntlet | Found a transporter.
 17250 | Gauntlet | Found a transporter.
 17267 | Gauntlet | Found a transporter.
 17280 | Gauntlet | Found a transporter.
 17294 | Gauntlet | Found a transporter.
 17320 | Gauntlet | Found a transporter.
 17321 | Gauntlet | Found a transporter.
 17321 | Gauntlet | Found the +2 pair of slick slippers {slick, slippery, EV+4}
 17327 | Gauntlet | Found a transporter.
 17348 | Gauntlet | Found a runed translucent door.
 17350 | Gauntlet | Noticed a reaper
 17361 | Gauntlet | Found a transporter.
 17361 | Gauntlet | Found a transporter.
 17412 | Gauntlet | Killed a balrug
 17438 | Gauntlet | Identified the ring "Pagourr" {rPois rCorr Str-3 Int+5
                  | Dex+2}
 17440 | Gauntlet | Identified the +3 orcbow "Goblinslayer" {antimagic, *Slow
                  | rC+ Str+6 Dex-4}
 17441 | Gauntlet | 17441 ||| DROPPING scarf of harm.
 17442 | Gauntlet | 17442 ||| DROPPING ring "Pagourr" {rPois rCorr Str-3 Int+5
                  | Dex+2}.
 17480 | Gauntlet | 17480 ||| DROPPING +1 pair of boots of stealth.
 17481 | Gauntlet | 17481 ||| DROPPING amulet of the acrobat.
 17499 | Gauntlet | Identified the +5 arbalest of Inference {penet, Fly}
 17500 | Gauntlet | 17500 ||| INVOKING Heroism.
 17501 | Gauntlet | 17501 ||| INVOKING Finesse.
 17577 | D:13     | 17577 ||| PLANNING D
 17618 | D:13     | 17618 ||| RETREATING.
 17638 | D:13     | 17638 ||| INVOKING Heroism.
 17639 | D:13     | 17639 ||| READING 4 scrolls of teleportation.
 17734 | D:13     | 17734 ||| READING scroll of brand weapon.
 17734 | D:13     | 17734 ||| BRANDING +3 longbow of electrocution.
 17773 | D:13     | Noticed Lodul
 17778 | D:13     | Killed Lodul
 17891 | D:13     | 17891 ||| RETREATING.
 17899 | D:13     | 17899 ||| Stepping ~*~*~tactically~*~*~ (retreating).
 17902 | D:13     | 17902 ||| Stepping ~*~*~tactically~*~*~ (retreating).
 18137 | D:14     | 18137 ||| RETREATING.
 18142 | D:14     | 18142 ||| Stepping ~*~*~tactically~*~*~ (retreating).
 18158 | D:14     | 18158 ||| RETREATING.
 18169 | D:14     | 18169 ||| INVOKING Heroism.
 18180 | D:14     | Reached skill level 19 in Ranged Weapons
 18203 | D:14     | 18203 ||| DRINKING 3 potions of cancellation.
 18207 | D:14     | 18207 ||| INVOKING Heroism.
 18255 | D:14     | 18255 ||| RETREATING.
 18257 | D:14     | 18257 ||| INVOKING Heroism.
 18259 | D:14     | 18259 ||| READING 3 scrolls of teleportation.
 18283 | D:14     | 18283 ||| Stepping ~*~*~tactically~*~*~ (retreating).
 18284 | D:14     | 18284 ||| Stepping ~*~*~tactically~*~*~ (retreating).
 18285 | D:14     | 18285 ||| Stepping ~*~*~tactically~*~*~ (retreating).
 18286 | D:14     | 18286 ||| Stepping ~*~*~tactically~*~*~ (retreating).
 18287 | D:14     | 18287 ||| Stepping ~*~*~tactically~*~*~ (retreating).
 18288 | D:14     | 18288 ||| Stepping ~*~*~tactically~*~*~ (retreating).
 18294 | D:14     | 18294 ||| READING 2 scrolls of teleportation.
 18297 | D:14     | 18297 ||| RETREATING.
 18301 | D:14     | Received a gift from Okawaru
 18448 | D:14     | Reached XP level 15. HP: 82/98 MP: 22/22
 18470 | D:14     | 18470 ||| INVOKING Heroism.
 18471 | D:14     | 18471 ||| Stepping ~*~*~tactically~*~*~ (retreating).
 18472 | D:14     | 18472 ||| READING scroll of teleportation.
 18600 | D:14     | 18600 ||| RETREATING.
 18612 | D:14     | 18612 ||| Stepping ~*~*~tactically~*~*~ (retreating).
 18613 | D:14     | 18613 ||| Stepping ~*~*~tactically~*~*~ (retreating).
 18614 | D:14     | 18614 ||| Stepping ~*~*~tactically~*~*~ (retreating).
 18615 | D:14     | 18615 ||| Stepping ~*~*~tactically~*~*~ (retreating).
 18616 | D:14     | 18616 ||| Stepping ~*~*~tactically~*~*~ (retreating).
 18617 | D:14     | 18617 ||| Stepping ~*~*~tactically~*~*~ (retreating).
 18618 | D:14     | 18618 ||| Stepping ~*~*~tactically~*~*~ (retreating).
 18620 | D:14     | 18620 ||| Stepping ~*~*~tactically~*~*~ (retreating).
 18622 | D:14     | 18622 ||| INVOKING Heroism.
 18650 | D:14     | Reached skill level 9 in Dodging
 18674 | D:14     | 18674 ||| INVOKING Finesse.
 18678 | D:14     | 18678 ||| INVOKING Heroism.
 18738 | D:14     | Found a gate to the Vaults.
 18790 | D:14     | 18790 ||| Stepping ~*~*~tactically~*~*~ (outnumbered).
 18792 | D:14     | 18792 ||| Stepping ~*~*~tactically~*~*~ (outnumbered).
 18848 | D:14     | 18848 ||| RETREATING.
 18850 | D:14     | 18850 ||| INVOKING Heroism.
 18852 | D:14     | 18852 ||| READING scroll of teleportation.
 18899 | D:14     | Noticed a sphinx
 18906 | D:14     | 18906 ||| DRINKING 6 potions of curing.
 18906 | D:14     | 18906 ||| (to cure confusion)
 18908 | D:14     | 18908 ||| Stepping ~*~*~tactically~*~*~ (retreating).
 18909 | D:14     | 18909 ||| Stepping ~*~*~tactically~*~*~ (retreating).
 18910 | D:14     | 18910 ||| Stepping ~*~*~tactically~*~*~ (retreating).
 18911 | D:14     | 18911 ||| Stepping ~*~*~tactically~*~*~ (retreating).
 18912 | D:14     | Killed a sphinx
 18914 | D:14     | 18914 ||| INVOKING Heroism.
 18915 | D:14     | Received a gift from Okawaru
 19042 | D:14     | 19042 ||| SWAPPING to +5 triple crossbow of flaming.
 19043 | D:14     | 19043 ||| DROPPING +3 heavy longbow.
 19051 | D:14     | Identified the +7 quarterstaff "Hilic" {chaos, rPois rF+}
 19063 | D:14     | 19063 ||| INVOKING Heroism.
 19339 | D:14     | 19339 ||| UPGRADING to +2 ring mail of cold resistance.
 19349 | D:14     | 19349 ||| READING scroll labelled SOIPI JABUANAPP.
 19408 | D:15     | Entered Level 15 of the Dungeon
 19409 | D:15     | 19409 ||| INVOKING Heroism.
 19438 | D:15     | Identified the +6 falchion "Gethiatz" {antimagic, rF+ rC+
                  | Str+2 Dex-3}
 19463 | D:15     | Reached skill level 6 in Armour
 19465 | D:15     | Found a staircase to the Depths.
 19475 | D:15     | Identified the +1 robe "Qeocs" {Fly SInv} (Okawaru gifted
                  | it to you on level 15 of the Dungeon)
 19475 | D:15     | Received a gift from Okawaru
 19484 | D:15     | 19484 ||| FLEEEEING.
 19485 | D:15     | 19485 ||| FLEEEEING.
 19486 | D:15     | 19486 ||| FLEEEEING.
 19493 | D:15     | 19493 ||| INVOKING Heroism.
 19495 | D:15     | 19495 ||| Stepping ~*~*~tactically~*~*~ (retreating).
 19496 | D:15     | 19496 ||| Stepping ~*~*~tactically~*~*~ (retreating).
 19497 | D:15     | 19497 ||| Stepping ~*~*~tactically~*~*~ (retreating).
 19497 | D:15     | HP: 18/98 [meliai/divine providence (12)]
 19497 | D:15     | HP: 3/98 [meliai/divine providence (15)]
 19498 | D:15     | 19498 ||| DRINKING 3 potions of heal wounds.
 19499 | D:15     | 19499 ||| Stepping ~*~*~tactically~*~*~ (retreating).
 19500 | D:15     | 19500 ||| DRINKING 2 potions of heal wounds.
 19501 | D:15     | 19501 ||| Stepping ~*~*~tactically~*~*~ (retreating).
 19502 | D:15     | 19502 ||| Stepping ~*~*~tactically~*~*~ (retreating).
 19503 | D:15     | 19503 ||| Stepping ~*~*~tactically~*~*~ (retreating).
 19504 | D:15     | 19504 ||| Stepping ~*~*~tactically~*~*~ (retreating).
 19506 | D:15     | HP: 20/98 [meliai/divine providence (14)]
 19507 | D:15     | 19507 ||| DRINKING potion of heal wounds.
 19519 | D:15     | 19519 ||| INVOKING Heroism.
 19650 | D:15     | 19650 ||| INVOKING Heroism.
 19744 | D:15     | Noticed Rupert
 19749 | D:15     | 19749 ||| RETREATING.
 19754 | D:15     | 19754 ||| INVOKING Heroism.
 19755 | D:15     | 19755 ||| DRINKING 6 potions of curing.
 19755 | D:15     | 19755 ||| (to cure confusion)
 19756 | D:15     | 19756 ||| INVOKING Finesse.
 19759 | D:15     | 19759 ||| Stepping ~*~*~tactically~*~*~ (retreating).
 19760 | D:15     | 19760 ||| Stepping ~*~*~tactically~*~*~ (retreating).
 19761 | D:15     | 19761 ||| RETREATING.
 19765 | D:15     | Killed Rupert
 19845 | D:15     | 19845 ||| INVOKING Heroism.
 20044 | D:15     | Found Peghaserysi's Antique Weapon Boutique.
 20047 | D:15     | Found Vurphio's Book Shop.
 20053 | D:15     | Found Kuushrim's Distillery.
 20055 | D:15     | Found Weukuoll's Book Shop.
 20055 | D:15     | Found Halial's Assorted Antiques.
 20055 | D:15     | Found Bategops's Antique Armour Boutique.
 20069 | D:15     | 20069 ||| BUYING glowing ring mail (259 gold).
 20069 | D:15     | Bought a glowing ring mail for 259 gold pieces
 20069 | D:15     | 20069 ||| BUYING potion of curing (111 gold).
 20069 | D:15     | Bought a potion of curing for 111 gold pieces
 20069 | D:15     | 20069 ||| BUYING twisted garnet ring (185 gold).
 20069 | D:15     | Bought a twisted garnet ring for 185 gold pieces
 20145 | D:15     | 20145 ||| BUYING glowing helmet (187 gold).
 20145 | D:15     | Bought a glowing helmet for 187 gold pieces
 20145 | D:15     | 20145 ||| BUYING pair of glowing boots (187 gold).
 20145 | D:15     | Bought a pair of glowing boots for 187 gold pieces
 20145 | D:15     | 20145 ||| BUYING pair of masterwork gloves (237 gold).
 20145 | D:15     | Bought a pair of masterwork gloves for 237 gold pieces
 20145 | D:15     | Identified the +0 pair of gloves of Zuuddoff {Int+5} (You
                  | bought it in a shop on level 15 of the Dungeon)
 20151 | D:15     | 20151 ||| BUYING potion of heal wounds (85 gold).
 20151 | D:15     | Bought a potion of heal wounds for 85 gold pieces
 20151 | D:15     | 20151 ||| BUYING potion of magic (136 gold).
 20151 | D:15     | Bought a potion of magic for 136 gold pieces
 20151 | D:15     | 20151 ||| BUYING potion of might (68 gold).
 20151 | D:15     | Bought a potion of might for 68 gold pieces
 20409 | D:15     | 20409 ||| PLANNING ORC
 20409 | D:15     | 20409 ||| DROPPING +1 ring mail of fire resistance.
 20410 | D:15     | 20410 ||| DROPPING +1 robe "Qeocs" {Fly SInv}.
 20411 | D:15     | 20411 ||| UPGRADING to +0 helmet of see invisible.
 20421 | D:15     | 20421 ||| DROPPING +1 hat.
 20422 | D:15     | 20422 ||| DROPPING +1 pair of boots of stealth.
 20423 | D:15     | 20423 ||| DROPPING +0 pair of gloves of Zuuddoff {Int+5}.
 20424 | D:15     | 20424 ||| DROPPING +4 ring of protection.
 20425 | D:15     | 20425 ||| DROPPING ring of flight.
 20515 | Orc:1    | Entered Level 1 of the Orcish Mines
 20522 | Orc:1    | 20522 ||| INVOKING Heroism.
 20523 | Orc:1    | Noticed Erolcha
 20528 | Orc:1    | Killed Erolcha
 20531 | Orc:1    | Noticed Gastronok
 20538 | Orc:1    | Killed Gastronok
 20539 | Orc:1    | Reached skill level 9 in Armour
 20737 | Orc:2    | Entered Level 2 of the Orcish Mines
 20744 | Orc:2    | Reached skill level 20 in Ranged Weapons
 20783 | Orc:2    | 20783 ||| Stepping ~*~*~tactically~*~*~ (outnumbered).
 20793 | Orc:2    | Noticed Azrael
 20794 | Orc:2    | 20794 ||| INVOKING Heroism.
 20797 | Orc:2    | 20797 ||| RETREATING.
 20807 | Orc:2    | Killed Azrael
 20808 | Orc:2    | 20808 ||| FLEEEEING.
 20809 | Orc:2    | 20809 ||| FLEEEEING.
 20810 | Orc:2    | 20810 ||| STAIRDANCE
 21004 | Orc:2    | 21004 ||| STAIRDANCE
 21014 | Orc:2    | 21014 ||| STAIRDANCE
 21033 | Orc:2    | 21033 ||| Stepping ~*~*~tactically~*~*~ (outnumbered).
 21034 | Orc:2    | 21034 ||| INVOKING Heroism.
 21038 | Orc:2    | Reached XP level 16. HP: 97/104 MP: 20/23
 21080 | Orc:2    | Found Dunucai's General Store.
 21088 | Orc:2    | Found a staircase to the Elven Halls.
 21096 | Orc:2    | 21096 ||| BUYING 2 scrolls of identify (52 gold).
 21096 | Orc:2    | Bought 2 scrolls of identify for 52 gold pieces
 21096 | Orc:2    | 21096 ||| BUYING potion of might (52 gold).
 21096 | Orc:2    | Bought a potion of might for 52 gold pieces
 21223 | Orc:2    | 21223 ||| Stepping ~*~*~tactically~*~*~ (outnumbered).
 21249 | Orc:2    | 21249 ||| INVOKING Heroism.
 21412 | Orc:2    | 21412 ||| RETREATING.
 21415 | Orc:2    | 21415 ||| INVOKING Heroism.
 21422 | Orc:2    | 21422 ||| Stepping ~*~*~tactically~*~*~ (retreating).
 21423 | Orc:2    | 21423 ||| Stepping ~*~*~tactically~*~*~ (retreating).
 21424 | Orc:2    | 21424 ||| Stepping ~*~*~tactically~*~*~ (retreating).
 21432 | Orc:2    | HP: 15/106 [orc knight/+0 dire flail (14)]
 21433 | Orc:2    | 21433 ||| DRINKING potion of heal wounds.
 21434 | Orc:2    | HP: 4/106 [orc knight/+0 dire flail (7)]
 21435 | Orc:2    | Demolished by an orc knight

Levels and vault maps discovered:
D:1:      dpeg_arrival_radiant, layout_basic, minmay_fountain_box
D:2:      layout_basic, chequers_serial_rivers_micro_d, minmay_misc_feat_doors
D:3:      layout_basic, gup_sewer_entry_bowl
D:4:      layout_layer_cave, nicolae_the_louvre
D:5:      layout_basic, nicolae_qazlal_style_of_elements, kennysheep_minor_cross
D:6:      layout_basic, chequers_temple_overflow_minitemple,
          minmay_temple_entry_large_hall, nicolae_houndstooth_variations
D:7:      layout_basic, mainiacjoe_overflow_alcove_2,
          lightli_ossuary_entry_decrepit_ruins, gammafunk_ghost_abyssal_escape,
          uniq_joseph
D:8:      layout_gridville
D:9:      layout_irregular_city, zin_treasury, serial_ice, serial_ice_m,
          serial_ice_c, serial_ice_l, serial_ice_h, disabler_island
D:10:     layout_layer_cave, erik_lair_orcish_takeover
D:11:     layout_grid_maze, gammafunk_ghost_wrathful_warriors, serial_shops,
          nicolae_inconvenience_store, minmay_fractal_squares_5, uniq_erica
D:12:     layout_roguey, orc_david_3
D:13:     layout_long_grid, gauntlet_entry_generic, uniq_sonja, uniq_lodul
D:14:     minmay_evil_eye, layout_cave_pools, hellmonk_vaults_keyhole,
          minmay_misc_feat_room, kennysheep_small_spiral, minmay_evil_grid
D:15:     gammafunk_depths_entry_grave, layout_irregular_city,
          grunt_decor_junction, nicolae_shop_national_dungeon_mall,
          einodemon_armed_red_devil_minivault, uniq_rupert
Temple:   nicolae_temple_ecumenical_triangle
Lair:1:   layout_cave_pods, chequers_serial_rivers_small_b,
          nzn_masters_of_martial_movement, uniq_harold
Lair:2:   layout_long_grid, minmay_swamp_entry_reptiles,
          hellmonk_spider_entry_life_and_decay, st_stairs_5,
          chequers_serial_rivers_micro_e
Lair:3:   layout_roguey, serial_bayou_shore_a, lemuel_fruit_fields
Lair:4:   layout_concentric_octagons, slime_entry_1
Lair:5:   hangedman_lair_caniforms_friends, layout_cave_pods,
          grunt_megastairs_3, infiniplex_staircase_pool, uniq_nessos
Orc:1:    layout_diamond_mine, serial_shops, nicolae_shop_stone,
          hangedman_minor_magic, uniq_gastronok, uniq_erolcha
Orc:2:    st_orc_pillars, layout_caves, serial_shops, shop, uniq_azrael

Skill      XL: |  1  2  3  4  5  6  7  8  9 10 11 12 13 14 15 16 |
---------------+-------------------------------------------------+-----
Ranged Weapons | 5 6 7 8 9 11 12 13 15 17 19 20 | 20.0
Fighting       | 3 4 6 7 8 9 10 11 13 14 | 14.0
Armour         | 1 2 3 4 5 9 |  9.1
Dodging        | 2 4 5 6 7 8 9 |  9.0
Invocations    | 4 5 9 10 | 10.0
Stealth        | |  1.1

Action                     |  1- 3 |  4- 6 |  7- 9 | 10-12 | 13-15 | 16-18 || total
---------------------------+-------+-------+-------+-------+-------+-------++-------
   Fire: Shortbow          |   107 |    66 |       |       |       |       ||   173
         Orcbow            |       |   124 |   211 |   589 |    56 |       ||   980
         Longbow           |       |       |       |       |   868 |       ||   868
         Triple crossbow   |       |       |       |       |   190 |    97 ||   287
 Invoke: Heroism           |       |       |     4 |    25 |    33 |     2 ||    64
         Finesse           |       |       |       |     1 |    10 |       ||    11
    Use: Scroll            |     2 |    14 |     4 |     5 |    14 |       ||    39
         Potion            |       |     4 |       |     5 |     6 |     1 ||    16
 Armour: Leather armour    |    16 |       |       |       |       |       ||    16
         Ring mail         |       |    36 |    19 |    36 |    30 |    15 ||   136
         Troll leather arm |       |       |       |    59 |   110 |       ||   169
  Dodge: Dodged            |    22 |    48 |    56 |   415 |   513 |    69 ||  1123

Table legend:
 A = Non-vault XP
 B = Vault XP
 C = Vault XP percentage of total XP
 D = Non-vault monster count
 E = Vault monster count
 F = Vault count percentage of total count
                 A         B        C        D         E       F
            +---------+---------+-------+---------+---------+-------
      Total |   78538 |   56530 |  41.9 |     443 |     219 |  33.1
            +---------+---------+-------+---------+---------+-------
        D:1 |      53 |       0 |   0.0 |      30 |       0 |   0.0
        D:2 |      66 |       0 |   0.0 |      22 |       0 |   0.0
        D:3 |     107 |       6 |   5.3 |      23 |       4 |  14.8
        D:4 |     148 |       0 |   0.0 |      11 |       0 |   0.0
        D:5 |     187 |       0 |   0.0 |       5 |       0 |   0.0
        D:6 |     779 |       0 |   0.0 |      13 |       0 |   0.0
        D:7 |    1467 |     466 |  24.1 |      12 |       1 |   7.7
        D:8 |    1703 |       0 |   0.0 |      35 |       0 |   0.0
        D:9 |    2598 |    1762 |  40.4 |      30 |       7 |  18.9
       D:10 |    2923 |     525 |  15.2 |      18 |       6 |  25.0
       D:11 |    2585 |    1611 |  38.4 |      17 |       5 |  22.7
       D:12 |    3905 |       9 |   0.2 |      20 |       3 |  13.0
       D:13 |    6732 |    2361 |  26.0 |      17 |       9 |  34.6
       D:14 |   14363 |   11973 |  45.5 |      35 |      18 |  34.0
       D:15 |    7594 |    7895 |  51.0 |      16 |      13 |  44.8
     Lair:1 |    2987 |    1736 |  36.8 |      12 |       2 |  14.3
     Lair:2 |    6456 |    2525 |  28.1 |      34 |      11 |  24.4
     Lair:3 |    6209 |       0 |   0.0 |      22 |       0 |   0.0
     Lair:4 |    2806 |       0 |   0.0 |      14 |       0 |   0.0
     Lair:5 |    9651 |   12329 |  56.1 |      23 |      59 |  72.0
      Orc:1 |    2694 |    2771 |  50.7 |      12 |       4 |  25.0
      Orc:2 |    2525 |    7037 |  73.6 |      22 |      57 |  72.2
    Ossuary |       0 |      91 | 100.0 |       0 |      16 | 100.0
   Gauntlet |       0 |    3433 | 100.0 |       0 |       4 | 100.0
            +---------+---------+-------+---------+---------+-------
